 Dungeon Crawl Stone Soup version 0.21.1-1-g345015f (webtiles) character file.

509 wojtek the Chopper (level 6, -9/53 HPs)
             Began as a Minotaur Fighter on Apr 2, 2018.
             Was a Follower of Okawaru.
             Mangled by an ogre
             ... wielding a +0 giant spiked club
              (22 damage)
             ... on level 4 of the Dungeon.
             The game lasted 00:03:39 (2277 turns).

wojtek the Chopper (Minotaur Fighter)               Turns: 2277, Time: 00:03:40

Health: -9/53      AC:  8    Str: 22    XL:     6   Next: 98%
Magic:  7/7        EV:  7    Int:  5    God:    Okawaru [*.....]
Gold:   164        SH:  9    Dex: 10    Spells: 5/5 levels left

rFire    . . .     SeeInvis .   a - +0 war axe
rCold    . . .     Gourm    .   c - +0 shield
rNeg     . . .     Faith    .   b - +0 scale mail
rPois    .         Spirit   .   (helmet restricted)
rElec    .         Reflect  .   (no cloak)
rCorr    .         Harm     .   (no gloves)
MR       .....                  m - +0 pair of boots
Stlth    ..........             (no amulet)
HPRegen  0.17/turn              (no ring)
MPRegen  0.10/turn              (no ring)

@: no status effects
A: retaliatory headbutt, horns 2
a: Heroism, Renounce Religion


You were on level 4 of the Dungeon.
You worshipped Okawaru.
Okawaru was aware of your devotion.
You were not hungry.

You visited 1 branch of the dungeon, and saw 4 of its levels.

You collected 164 gold pieces.

Inventory:

Hand Weapons
 a - a +0 war axe (weapon)
Armour
 b - a +0 scale mail (worn)
 c - a +0 shield (worn)
 m - a +0 pair of boots (worn)
Jewellery
 h - an uncursed amulet of rage {unknown}
Wands
 s - a wand of flame (26)
Scrolls
 j - a scroll of random uselessness {unknown}
 l - 2 scrolls of teleportation {unknown}
 n - 5 scrolls of immolation {unknown}
 p - 3 scrolls of identify {unknown}
 q - 2 scrolls of remove curse {unknown}
 r - a scroll of amnesia {unknown}
Potions
 d - a potion of might
 e - 2 potions of flight {unknown}
 g - a potion of curing {unknown}
 i - a potion of degeneration {unknown}
 k - a potion of invisibility {unknown}
 o - 2 potions of heal wounds
 t - a potion of brilliance {unknown}
Comestibles
 f - 10 rations
 u - a chunk of flesh


   Skills:
 + Level 4.4 Fighting
 - Level 6.9 Axes
 + Level 4.4 Armour
 - Level 3.6 Shields
 + Level 3.7 Invocations


You had 5 spell levels left.
You didn't know any spells.

Dungeon Overview and Level Annotations

Branches:
Dungeon (4/15)
 Temple: D:4-7

Altars:
Okawaru
Wu Jian
Yredelemnul

Shops:
D:4 *(


Innate Abilities, Weirdness & Mutations

You reflexively headbutt those who attack you in melee.
You have a pair of horns on your head.


Message History

The adder hisses angrily.
The ogre hits you with a giant spiked club!!
You barely miss the ogre. You slash the ogre!
The ogre is moderately wounded.
The ogre barely misses you. The adder bites you.
You are too injured to fight recklessly!
You are too injured to fight recklessly!
You are too injured to fight recklessly!
You hit the ogre but do no damage. You headbutt the ogre.
The ogre is heavily wounded.
You slash the adder!
The ogre hits you with a giant spiked club!
* * * LOW HITPOINT WARNING * * *
The adder bites you but does no damage.
You slash the ogre!
The ogre is almost dead.
You barely miss the adder. The adder barely misses you.
The ogre hits you with a giant spiked club!!
You die...

...... .. .....
## .. .... ....
.....#. ..#..
#... .. #SO# .#
#.@# ..# #..#
..# #..# ##.###
#%.# .....#
#..##.....##
#####...........
...##.##.....##
# ######.##.#
.....# ##
#.........#
##.###


You could see an ogre and an adder.

Vanquished Creatures
  A hippogriff (D:4)
  3 orc wizards
  A centaur skeleton (D:4)
  Ijyb (D:4)
  An iguana (D:4)
  5 adders
  An ooze (D:1)
  An adder skeleton (D:4)
  2 worms
  A dart slug (D:1)
  4 leopard geckos
  14 orcs
  A ball python (D:1)
  A giant cockroach (D:1)
  13 goblins
  10 hobgoblins
  3 jackals (D:1)
  7 kobolds
  A quokka (D:3)
  6 bats
  4 frilled lizards (D:1)
  9 rats
90 creatures vanquished.

Notes
Turn   | Place    | Note
-------+----------+-------------------------------------------
     0 | D:1      | wojtek the Minotaur Fighter began the quest for the Orb.
     0 | D:1      | Reached XP level 1. HP: 19/19 MP: 0/0
    31 | D:1      | Reached skill level 3 in Axes
    50 | D:1      | Reached XP level 2. HP: 23/26 MP: 1/1
    97 | D:1      | Reached skill level 4 in Axes
   261 | D:1      | Reached XP level 3. HP: 31/31 MP: 2/2
   535 | D:2      | Reached skill level 5 in Axes
   585 | D:2      | Found an iron altar of Okawaru.
   595 | D:2      | Became a worshipper of Warmaster Okawaru
   666 | D:2      | Reached XP level 4. HP: 36/39 MP: 3/3
   932 | D:3      | Reached skill level 1 in Invocations
   939 | D:3      | Reached XP level 5. HP: 31/45 MP: 3/5
  1035 | D:3      | Reached skill level 6 in Axes
  1265 | D:3      | Found an ornate altar of the Wu Jian Council.
  1576 | D:4      | Noticed Ijyb
  1589 | D:4      | Killed Ijyb
  1864 | D:4      | Reached * piety under Okawaru
  1899 | D:4      | Reached XP level 6. HP: 46/52 MP: 7/7
  1902 | D:4      | Found Hefua's Humungous Hoard.
  1924 | D:4      | Noticed a hippogriff
  1937 | D:4      | Killed a hippogriff
  2103 | D:4      | Found a basalt altar of Yredelemnul.
  2171 | D:4      | Found Fontyuh's Weapon Emporium.
  2277 | D:4      | Mangled by an ogre

Skill      XL: |  1  2  3  4  5  6 |
---------------+-------------------+-----
Axes           | 3 4 5 6 |  6.9
Invocations    | 2 3 |  3.7
Fighting       | 4 |  4.4
Armour         | 4 |  4.4
Shields        | |  3.6

Action                   |  1- 3 |  4- 6 || total
-------------------------+-------+-------++-------
Melee: War axe           |    93 |   121 ||   214
       Headbutt          |    10 |    10 ||    20
  Eat: Chunk             |       |     5 ||     5
Armor: Scale mail        |    42 |    71 ||   113
Dodge: Dodged            |    28 |    40 ||    68
Block: Shield            |    55 |    79 ||   134
